 Dungeon Crawl Stone Soup version 0.26-a0-642-g67e99244d3 (webtiles) character file.

Game seed: 1832610627480467172

166 DogServant the Magician (level 5, -3/28 HPs)
             Began as a Deep Elf Air Elementalist on Sept 22, 2020.
             Slain by an ice beast (8 damage)
             ... on level 5 of the Dungeon.
             The game lasted 00:07:44 (3765 turns).

DogServant the Magician (Deep Elf Air Elementalist) Turns: 3765, Time: 00:07:45

Health: -3/28      AC:  2    Str:  5    XL:     5   Next: 22%
Magic:  8/13       EV: 13    Int: 21    God:
Gold:   141        SH:  0    Dex: 15    Spells: 3/13 levels left

rFire    . . .     SeeInvis .   (no weapon)
rCold    . . .     Faith    .   (no shield)
rNeg     . . .     Spirit   .   a - +0 robe
rPois    .         Reflect  .   (no helmet)
rElec    .         Harm     .   (no cloak)
rCorr    .         Rampage  .   (no gloves)
MR       .....                  (no boots)
Stlth    ++........             (no amulet)
HPRegen  0.09/turn              (no ring)
MPRegen  0.13/turn              (no ring)

@: no status effects
A: no striking features
a: no special abilities


You were on level 5 of the Dungeon.
You visited 1 branch of the dungeon, and saw 4 of its levels.

You collected 141 gold pieces.

Inventory:

Armour
 a - a +0 robe (worn)
 f - a +0 pair of gloves
Jewellery
 i - a +4 ring of protection {unknown}
Scrolls
 c - a scroll of magic mapping
 d - a scroll of remove curse
 g - a scroll of noise {unknown}
 h - 2 scrolls of immolation {unknown}
Potions
 b - 2 potions of curing
 e - 2 potions of degeneration {unknown}


   Skills:
 - Level 3.1 Dodging
 - Level 2.4 Stealth
 + Level 4.5 Spellcasting
 + Level 3.0 Conjurations
 + Level 4.2 Air Magic


You had 3 spell levels left.
You knew the following spells:

 Your Spells              Type           Power        Failure   Level
a - Shock                 Conj/Air       ###.         2%          1
b - Swiftness             Air            ###.....     3%          2
c - Static Discharge      Conj/Air       ###.....     8%          3
d - Airstrike             Air            ###.......   21%         4

Your spell library contained the following spells:

 Spells                   Type           Power        Failure   Level
 Confusing Touch          Hex            #.......     34%         3
 Gell's Gravitas          Tloc           #.........   34%         3
 Lightning Bolt           Conj/Air       ###.......   56%         5
 Petrify                  Tmut/Erth      #.......     75%         4
 Metabolic Englaciation   Hex/Ice        #.........   97%         5
 Yara's Violent Unravell  Hex/Tmut       #.........   97%         5


Dungeon Overview and Level Annotations

Branches:
Dungeon (3/15)

Altars:


Message History

Casting: Shock (safe; 2% risk of failure)
Confirm with . or Enter, or press ? or * to list all spells.
Press: ? - help, Shift-Dir - straight line, p - ice beast The zap hits the ice beast.
The ice beast is severely wounded.
The zap misses the ice beast.
You no longer feel sluggish.
The ice beast misses you.
Casting: Shock (safe; 2% risk of failure)
Confirm with . or Enter, or press ? or * to list all spells.
Aiming: Shock (safe; 2% risk of failure)
Press: ? - help, Shift-Dir - straight line The zap hits the ice beast but does no damage.
The ice beast is severely wounded.
The zap hits the ice beast.
The ice beast is severely wounded.
The ice beast hits you.
* * * LOW HITPOINT WARNING * * *
The ice beast freezes you!
You die...

,,,* #...Y.....#
,,,* #.#######.#
****** ,,,* #.#
#.# *,,,,, ,,,*
#.# #.# *.#***
.,,* #Y# #.# #.#
..,* #.# #.# #.#
...####.# #.#
#.# ........#
#Y############.#
.......##
#.@..........#.#
#.####.#
############.#.#
*,***#.#* #...#
,,,,#...#* ###.#
*,*..#.#.#**
#####.#
*,#.##.....*
#.....#
,,#.,###,#.#
#.###.#
**#,*,*,**.# #.#
#.# *,**,***,#
#.# #.#***


You could see an ice beast.

Vanquished Creatures
  An iguana (D:5)
  A worker ant (D:5)
  A hound skeleton (D:2)
  2 adders (D:3)
  A shadow imp (D:2)
  An ooze (D:1)
  2 worms (D:2)
  3 dart slugs
  A leopard gecko (D:1)
  6 orcs (D:3)
  A ball python (D:2)
  9 bats
  3 giant cockroaches
  7 hobgoblins
  A quokka (D:2)
  2 frilled lizards (D:2)
  6 goblins
  7 kobolds
  A quokka skeleton (D:5)
  3 rats
59 creatures vanquished.

Notes
Turn   | Place    | Note
-------+----------+-------------------------------------------
     0 | D:1      | DogServant the Deep Elf Air Elementalist began the quest
                  | for the Orb.
     0 | D:1      | Reached XP level 1. HP: 10/10 MP: 6/6
    59 | D:1      | Reached XP level 2. HP: 15/15 MP: 0/8
   866 | D:1      | Reached XP level 3. HP: 19/19 MP: 1/9
   945 | D:1      | Learned a level 2 spell: Swiftness
   949 | D:1      | Learned a level 3 spell: Static Discharge
  2385 | D:2      | Reached XP level 4. HP: 11/24 MP: 2/11
  2776 | D:2      | Learned a level 4 spell: Airstrike
  3157 | D:3      | You fall into a shaft and drop 2 floors!
  3157 | D:5      | Entered Level 5 of the Dungeon
  3167 | D:5      | Reached XP level 5. HP: 28/28 MP: 9/13
  3732 | D:5      | Noticed an ice beast
  3765 | D:5      | Slain by an ice beast

Illustrated notes

Levels and vault maps discovered:
D:1:      co_arrival_square_in_a_square_in_a_square, layout_basic,
          columned_hall_lemuel, minmay_misc_feat_enclosed, st_stairs_11,
          minmay_tetromino_o2
D:2:      layout_basic, serial_corexii_hall, corexii_hall_statues_x,
          chequers_hall_statues_wall_a, chequers_hall_statues_corner_a,
          chequers_hall_statues_corner_a, minmay_misc_feat_more_columns
D:3:      kennysheep_six_static_rooms, layout_basic,
          lemuel_coloured_pillars_altar
D:5:      layout_loops_ring

Skill      XL: |  1  2  3  4  5 |
---------------+----------------+-----
Conjurations   | 2 3 |  3.0
Dodging        | 3 |  3.1
Spellcasting   | 4 |  4.5
Air Magic      | 4 |  4.2
Stealth        | |  2.4

Action                   |  1- 3 |  4- 6 || total
-------------------------+-------+-------++-------
 Cast: Shock             |    95 |    54 ||   149
       Swiftness         |       |     2 ||     2
  Use: Scroll            |     1 |     3 ||     4
Armor: Robe              |     1 |       ||     1
Dodge: Dodged            |     4 |    11 ||    15

Table legend: (Time is in decaauts)
 A = Elapsed time spent in this place.
 B = Non-inter-level travel time spent in this place.
 C = Inter-level travel time spent in this place.
 D = Time resting spent in this place.
 E = Time spent auto-exploring this place.
 F = Levels seen in this place.
 G = Mean time per level.
                   A        B        C        D        E       F      G
               +--------+--------+--------+--------+--------+-----+--------+
         Total |   3762 |   3682 |     80 |    765 |   2575 |   4 |  940.5 |
       Dungeon |   3762 |   3682 |     80 |    765 |   2575 |   4 |  940.5 |
               +--------+--------+--------+--------+--------+-----+--------+

Top non-repeatable levels by time:
     D:2: 1749 daAuts
     D:1: 1090 daAuts
     D:5: 604 daAuts
     D:3: 317 daAuts
